 Dungeon Crawl Stone Soup version 0.30-a0-924-g0ad0bf95bc (webtiles) character file.

Game seed: 9437879786054638015

2067 jasper the Skirmisher (level 9, 0/68 HPs)
             Began as a Demonspawn Hexslinger on Mar 22, 2023.
             Slain by Erica
             ... wielding a +3 scimitar of flaming
              (24 damage)
             ... on level 8 of the Dungeon.
             The game lasted 00:10:24 (6192 turns).

jasper the Skirmisher (Demonspawn Hexslinger)       Turns: 6192, Time: 00:10:25

Health: 0/68       AC:  8    Str: 15    XL:     9   Next: 5%
Magic:  10/10      EV: 10    Int: 15    God:
Gold:   895        SH:  5    Dex: 17    Spells: 6/10 levels left

rFire   . . .      SeeInvis .    y - +0 arbalest
rCold   . . .      Faith    .    (shield currently unavailable)
rNeg    . . .      Spirit   .    n - +0 scale mail {rPois}
rPois   +          Reflect  +    (helmet restricted)
rElec   .          Rampage  .    l - +0 cloak
rCorr   .                        (no gloves)
Will    +....                    (boots unavailable) Stlth
                                 v - amulet of Moipn {Reflect rPois Dex+4 SH+5}
HPRegen 0.31/turn                u - ring of willpower
MPRegen 0.12/turn                (no ring)

@: lethally poisoned (0 -> -4), about to teleport, studying Axes
A: antennae 1, hooves 3, demonic guardian 1, condensation shield, weakness
stinger 2
a: no special abilities


You were on level 8 of the Dungeon.
You visited 1 branch of the dungeon, and saw 8 of its levels.

You collected 895 gold pieces.

Inventory:

Hand Weapons
 a - a +1 sling
 i - a +0 dagger of venom
 t - a +0 shortbow
 y - a +0 arbalest (weapon)
Missiles
 e - 29 poisoned darts
 k - 4 silver boomerangs
Armour
 c - a +0 robe
 f - a +0 pair of boots
 l - a +0 cloak (worn)
 n - a +0 scale mail of poison resistance (worn)
Jewellery
 m - an amulet of faith
 u - a ring of willpower (left hand)
 v - the amulet of Moipn (around neck) {Reflect rPois Dex+4 SH+5}
   (You acquired it on level 4 of the Dungeon)

   [amulet of reflection]

   It reflects blocked missile attacks.
   Dex:       It affects your dexterity (+4).
   rPois:     It protects you from poison.
   SH:        It affects your SH (+5).
Wands
 s - a wand of roots (25)
Scrolls
 b - 2 scrolls of poison
 h - 2 scrolls of teleportation
 j - 2 scrolls of immolation
 o - a scroll of enchant weapon
Potions
 d - a potion of attraction
 p - a potion of berserk rage
 q - a potion of lignification
 w - a potion of ambrosia
 x - 2 potions of might
 z - a potion of resistance
 B - a potion of curing {unknown}


   Skills:
 + Level 5.3 Fighting
 * Level 8.8 Ranged Weapons
 + Level 4.2 Armour
 - Level 1.7 Dodging
 - Level 1.0 Spellcasting
 - Level 3.0 Hexes


You had 6 spell levels left.
You knew the following spells:

 Your Spells              Type           Power      Damage    Failure   Level
a - Slow                  Hex            36%        N/A       26%         1
b - Swiftness             Air            0%         N/A       95%         3

Your spell library contained the following spells:

 Spells                   Type           Power      Damage    Failure   Level
 Ensorcelled Hibernation  Hex/Ice        10%        N/A       58%         2
 Shock                    Conj/Air       0%         1d3       65%         1
 Inner Flame              Hex/Fire       5%         N/A       82%         3
 Portal Projectile        Hex/Tloc       10%        N/A       82%         3
 Spider Form              Tmut/Pois      0%         N/A       95%         3
 Cause Fear               Hex            4%         N/A       95%         4
 Anguish                  Hex/Necr       2%         N/A       99%         4
 Airstrike                Air            0%         2d(0-16)  100%        4


Dungeon Overview and Level Annotations

Branches:
Dungeon (8/15)
 Temple: D:4-7         Lair: D:8-11

Altars:
Qazlal
Trog
Xom

Annotations:
D:5 exclusion: water moccasin
D:7 Amaemon
D:8 2 runed translucent doors, Erica


Innate Abilities, Weirdness & Mutations

You have a pair of small antennae on your head.
You have hooves in place of feet.
A weak demonic guardian rushes to your aid.
A meltable shield of frost defends you. (SH +0)
You have a tail ending in a sharp stinger.


Message History

There is an open door here.
You open the door.
There is an open door here.
You now have 895 gold pieces (gained 10).
You open the door.
There is an open door here.
Erica shouts!
Fire: y) +0 arbalest
Press: ? - help, Q - select action, (/) - cycle Shift-Dir - straight line, f - Erica
Aim: Erica, wielding a +3 scimitar of flaming, wearing a +0 robe and wearing an orb of wrath (58% to hit)
You shoot a bolt. The bolt closely misses Erica.
Fire: y) +0 arbalest
Press: ? - help, Q - select action, (/) - cycle Shift-Dir - straight line, f/p - Erica
Aim: Erica, wielding a +3 scimitar of flaming, wearing a +0 robe and wearing an orb of wrath (58% to hit)
You shoot a bolt. The bolt hits Erica!
Erica is lightly wounded.
Fire: y) +0 arbalest
Press: ? - help, Q - select action, (/) - cycle Shift-Dir - straight line, f/p - Erica
Aim: Erica, wielding a +3 scimitar of flaming, wearing a +0 robe and wearing an orb of wrath (lightly wounded, 58% to hit)
You shoot a bolt. The bolt closely misses Erica.
Erica points at you and mumbles some strange words.
The bolt of poison hits you.
You are poisoned.
You resist.
You take 4 damage, and have 64/68 hp.
Fire: y) +0 arbalest
Press: ? - help, Q - select action, (/) - cycle Shift-Dir - straight line, f/p - Erica
Aim: Erica, wielding a +3 scimitar of flaming, wearing a +0 robe and wearing an orb of wrath (lightly wounded, 58% to hit)
You shoot a bolt. The bolt closely misses Erica.
You feel very sick.
Erica goes berserk!
Erica hits you with a +3 scimitar of flaming!!
Your condensation shield dissipates!
Erica burns you!
You take 38 damage, and have 26/68 hp.
MASSIVE DAMAGE!!
Okay, then.
As you read the scroll of teleportation, it crumbles to dust.
You feel strangely unstable.
You feel sick.
Erica hits you with a +3 scimitar of flaming!!
You die...

#.............#...
......#.............#...
......##...#####'####...
.......#...##.#[........
.......#......#.........
.......#......#.........
.......#......#.........
......@#'######.........
.......@................
....................####
....................#
....................#
....................#
.....##########.....#
.....#........'.....#
.....#........#.....#
#........#.....#


You could see Erica (berserk).

Vanquished Creatures
  An orange demon (D:8)
  Menkaure (D:6)
  2 sky beasts (D:6)
  2 black bears (D:5)
  An ogre (D:6)
  2 phantoms
  A kobold brigand (D:8)
  7 howler monkeys
  3 jellies
  3 orc priests
  2 hounds (D:6)
  A sleepcap (D:5)
  Jessica (D:3)
  2 iguanas
  Ijyb (D:5)
  5 orc wizards
  Natasha (thrice) (D:2)
  A gnoll (D:4)
  5 adders
  An ufetubus (D:4)
  11 orcs
  4 ball pythons
  3 bats (D:2)
  10 endoplasms
  4 giant cockroaches
  4 goblins
  4 hobgoblins
  3 jackals (D:2)
  6 kobolds
  2 quokkas
  A frilled lizard (D:2)
  7 rats
104 creatures vanquished.

Vanquished Creatures (collateral kills)
  An orc priest (D:5)
  An orc (D:5)
2 creatures vanquished.

Vanquished Creatures (others)
  A goblin (D:4)
  A training dummy (D:4)
2 creatures vanquished.

Grand Total: 108 creatures vanquished

Notes
Turn   | Place    | Note
-------+----------+-------------------------------------------
     0 | D:1      | jasper the Demonspawn Hexslinger began the quest for the
                  | Orb.
     0 | D:1      | Reached XP level 1. HP: 15/15 MP: 2/2
   146 | D:1      | Reached skill level 2 in Ranged Weapons
   751 | D:2      | Gained mutation: A meltable shield of frost defends you.
                  | (SH +0) [demonic ancestry]
   751 | D:2      | Reached XP level 2. HP: 21/21 MP: 3/3
   820 | D:2      | Found a faded altar of an unknown god.
   829 | D:2      | Found a bloodstained altar of Trog.
   943 | D:2      | Reached skill level 3 in Ranged Weapons
   980 | D:2      | Discovered your monstrous ancestry.
   980 | D:2      | Gained mutation: You have a small tail. [demonic ancestry]
   980 | D:2      | Reached XP level 3. HP: 25/26 MP: 4/4
  1002 | D:2      | Noticed Natasha
  1013 | D:2      | Killed Natasha
  1015 | D:2      | Noticed Natasha
  1028 | D:2      | Killed Natasha
  1029 | D:2      | Reached skill level 4 in Ranged Weapons
  1029 | D:2      | Gained mutation: You have a tail ending in a sharp stinger.
                  | [demonic ancestry]
  1029 | D:2      | Reached XP level 4. HP: 21/32 MP: 5/5
  1287 | D:2      | Noticed Natasha
  1290 | D:2      | Killed Natasha
  1467 | D:2      | Identified a scroll of acquirement
  1469 | D:2      | Acquired 553 gold pieces
  1512 | D:3      | Noticed Jessica
  1613 | D:3      | Killed Jessica
  1644 | D:3      | Gained mutation: You have large cloven feet. [demonic
                  | ancestry]
  1644 | D:3      | Reached XP level 5. HP: 37/37 MP: 6/6
  1793 | D:3      | Reached skill level 5 in Ranged Weapons
  1829 | D:4      | Found a shimmering altar of Xom.
  2231 | D:4      | Acquired the amulet of Moipn {Reflect rPois Dex+4 SH+5}
  2318 | D:4      | Reached skill level 1 in Armour
  2318 | D:4      | Gained mutation: You have hoof-like feet. [demonic
                  | ancestry]
  2318 | D:4      | Reached XP level 6. HP: 30/44 MP: 7/7
  2322 | D:4      | Learned a level 3 spell: Swiftness
  2869 | D:5      | Entered Level 5 of the Dungeon
  3215 | D:5      | Noticed a water moccasin
  3279 | D:5      | Reached skill level 6 in Ranged Weapons
  3422 | D:5      | Noticed Ijyb
  3445 | D:5      | Killed Ijyb
  3446 | D:5      | Gained mutation: A weak demonic guardian rushes to your
                  | aid. [demonic ancestry]
  3446 | D:5      | Reached XP level 7. HP: 27/47 MP: 8/8
  4424 | D:6      | Reached skill level 7 in Ranged Weapons
  4577 | D:6      | Gained mutation: You have a pair of small antennae on your
                  | head. [demonic ancestry]
  4577 | D:6      | Reached XP level 8. HP: 54/60 MP: 9/9
  4970 | D:6      | Found a stormy altar of Qazlal.
  5007 | D:6      | Noticed Menkaure
  5011 | D:6      | Killed Menkaure
  5065 | D:6      | Reached skill level 8 in Ranged Weapons
  5524 | D:8      | Found a runed translucent gate.
  5524 | D:8      | Found a runed translucent gate.
  5603 | D:7      | Reached skill level 5 in Fighting
  5659 | D:8      | Noticed an orange demon
  5661 | D:8      | Noticed Amaemon
  5758 | D:8      | Killed an orange demon
  5759 | D:8      | Gained mutation: You have hooves in place of feet. [demonic
                  | ancestry]
  5759 | D:8      | Reached XP level 9. HP: 59/68 MP: 10/10
  5785 | D:8      | Noticed Erica
  6192 | D:8      | Slain by Erica

Illustrated notes

Levels and vault maps discovered:
D:1:      dpeg_arrival_stone_temple_mockup, layout_basic
D:2:      layout_loops_ring, basic_altar, shapermc_ecumenical_altar_flowoftime,
          uniq_natasha
D:3:      layout_basic, grunt_temple_overflow_open,
          mainiacjoe_overflow_small_starburst, uniq_robin, uniq_jessica
D:4:      dreamdust_elfheim, layout_basic, dk_xom_monty_hall, minivault_19,
          hangedman_decor_clover_reticule, minmay_manual_monstrance
D:5:      layout_loops_corners, uniq_ijyb
D:6:      layout_basic, mainiacjoe_overflow_brackets,
          hangedman_abyss_or_decor_slice, chequers_serial_rivers_room_b,
          uniq_menkaure
D:7:      minmay_recursive_quarters, layout_basic, minmay_temple_entry_junction,
          columned_hall_lemuel, feat_on_display
D:8:      layout_gridville, ebering_ghost_rock_garden,
          nicolae_figureground_sparkle, uniq_amaemon, uniq_erica

Skill      XL: |  1  2  3  4  5  6  7  8 |
---------------+-------------------------+-----
Ranged Weapons | 2 3 4 5 6 7 8 |  8.8
Armour         | 1 2 4 |  4.2
Fighting       | 2 3 5 |  5.3
Dodging        | |  1.7
Spellcasting   | |  1.0
Hexes          | |  3.0

Action                     |  1- 3 |  4- 6 |  7- 9 || total
---------------------------+-------+-------+-------++-------
  Melee: Dagger            |     3 |    56 |    58 ||   117
         Tailslap          |       |     9 |     9 ||    18
         Punch             |       |     1 |     1 ||     2
         Shortbow          |       |       |     1 ||     1
   Fire: Sling             |    65 |    44 |       ||   109
         Shortbow          |       |    85 |    94 ||   179
         Arbalest          |       |       |    70 ||    70
  Throw: Dart              |     6 |     2 |       ||     8
  Evoke: Wand              |       |     1 |     1 ||     2
    Use: Scroll            |     3 |     9 |     5 ||    17
         Potion            |       |     2 |     3 ||     5
 Armour: Robe              |    15 |    22 |     1 ||    38
         Scale mail        |       |       |    81 ||    81
  Dodge: Dodged            |    39 |    35 |    83 ||   157
  Block: Other             |    14 |    26 |    81 ||   121
         Reflection        |       |       |     1 ||     1

Table legend: (Time is in decaauts)
 A = Elapsed time spent in this place.
 B = Non-inter-level travel time spent in this place.
 C = Inter-level travel time spent in this place.
 D = Time resting spent in this place.
 E = Time spent auto-exploring this place.
 F = Levels seen in this place.
 G = Mean time per level.
                   A        B        C        D        E       F      G
               +--------+--------+--------+--------+--------+-----+--------+
         Total |   6310 |   5913 |    397 |    520 |   4280 |   8 |  788.8 |
       Dungeon |   6310 |   5913 |    397 |    520 |   4280 |   8 |  788.8 |
               +--------+--------+--------+--------+--------+-----+--------+

Top non-repeatable levels by time:
     D:5: 1538 daAuts
     D:4: 1122 daAuts
     D:6: 1091 daAuts
     D:2: 829 daAuts
     D:1: 776 daAuts
     D:8: 475 daAuts
     D:3: 243 daAuts
     D:7: 233 daAuts
